 Dungeon Crawl Stone Soup version 0.17-a0-776-gd86b262 (webtiles) character file.

54 Mygna the Firebug (level 3, 0/21 HPs)
             Began as a High Elf Fire Elementalist on Apr 24, 2015.
             Killed from afar by Ijyb (10 damage)
             ... with a wand of flame
             ... on level 2 of the Dungeon.
             The game lasted 00:06:10 (1902 turns).

Mygna the Firebug (High Elf Fire Elementalist)      Turns: 1902, Time: 00:06:10

Health: 0/21       AC:  2    Str:  7    XL:     3   Next: 66%
Magic:  1/7        EV: 16    Int: 19    God:
Gold:   117        SH:  0    Dex: 16    Spells: 3 memorised, 0 levels left

rFire  . . .     SeeInvis .     h - +0 short sword
rCold  . . .     Clarity  .     a - +0 robe
rNeg   . . .     SustAb   .     (no shield)
rPois  .         Gourm    .     (no helmet)
rElec  .         Spirit   .     (no cloak)
rCorr  .         Warding  .     (no gloves)
rMut   .         Stasis   .     (no boots)
MR     .....                    (no amulet)
Stlth  ++........               (no ring)
                                g - +3 ring of evasion

@: very slightly contaminated, not resistant to hostile enchantments, unstealthy
A: no striking features
a: no special abilities


You were on level 2 of the Dungeon.
You were hungry.

You visited 1 branch of the dungeon, and saw 2 of its levels.

You collected 117 gold pieces.

Inventory:

Hand weapons
 h - a +0 short sword (weapon)
Armour
 a - a +0 robe (worn)
Jewellery
 g - a +3 ring of evasion (left hand)
Scrolls
 e - 3 scrolls of teleportation {unknown}
 i - 2 scrolls of noise {unknown}
 j - 2 scrolls of fog {unknown}
 k - 2 scrolls of identify {unknown}
 n - a scroll of remove curse {unknown}
 q - a scroll of enchant weapon {unknown}
 s - a scroll of fear {unknown}
Potions
 d - 2 potions of degeneration {unknown}
 l - a potion of flight {unknown}
 o - a potion of magic {unknown}
 p - a potion of curing {unknown}
 r - a potion of heal wounds {unknown}
 t - a potion of invisibility {unknown}
Books
 b - a book of Flames

   Spells                             Type                      Level
   a - Flame Tongue                   Conjuration/Fire             1
   b - Throw Flame                    Conjuration/Fire             2
   c - Conjure Flame                  Conjuration/Fire             3
   d - Inner Flame                    Hexes/Fire                   3
   e - Sticky Flame                   Conjuration/Fire             4
   f - Fireball                       Conjuration/Fire             5
Comestibles
 c - 2 bread rations
 f - 4 beef jerkies


   Skills:
 - Level 2.1 Dodging
 - Level 2.1 Stealth
 - Level 2.4 Spellcasting
 + Level 3.2 Conjurations
 + Level 3.6 Fire Magic


You couldn't memorise any spells.
You knew the following spells:

 Your Spells              Type           Power        Failure   Level  Hunger
a - Flame Tongue          Conj/Fire      ###..        4%          1    #......
b - Throw Flame           Conj/Fire      ###...       8%          2    ##.....
c - Conjure Flame         Conj/Fire      ###.....     12%         3    ###....


Dungeon Overview and Level Annotations

Branches:
Dungeon (2/15)

Altars:
Nemelex Xobeh

Annotations:
D:2 Ijyb, Terence


Message History

You start resting.
HP restored.
Ijyb shouts!
Ijyb hits you but does no damage.
Terence shouts!
Casting: Flame Tongue
Confirm with . or Enter, or press ? or * to list all spells.
Aiming: Conjure Flame
Press: ? - help, Dir - move target cursor, p - Ijyb You miscast Conjure Flame.
You are very lightly contaminated with residual magic.
The air around you crackles with energy!
Ijyb zaps a wand.
The puff of flame hits you!
Ouch! That really hurt!
Casting: Conjure Flame
Confirm with . or Enter, or press ? or * to list all spells.
Aiming: Conjure Flame
Press: ? - help, Dir - move target cursor The fire roars!
Ijyb zaps a wand.
The puff of flame hits you!
You die...

.# #.# ###### #... #.#
#..... ##...## #.# #.####
....... #.# #.# # .....@.
#.# #.# #
#.......###.##########.#
# #g##.#........#.####
...#.#ยง#.#.######.#.....
#..#.###@.#.######.#..###
....##..........##.#..###
#..#.....................
#..##.......###.#####(###
#..##.....### #.#####)#
#..###....# #.......###
##..# #..#.# #.....)....
##...###..#.# #.#..8..##.
#.#.........# #.#.....##.


You could see Ijyb and Terence.

Vanquished Creatures
  2 adder zombies (D:2)
  2 worms (D:2)
  A giant gecko (D:2)
  6 bats
  A bat skeleton (D:2)
  2 bat zombies (D:2)
  3 goblins
  3 hobgoblins (D:1)
  3 jackals (D:1)
  11 kobolds
  A giant newt (D:1)
  4 rats
39 creatures vanquished.

Vanquished Creatures (others)
  4 toadstools (D:1)
4 creatures vanquished.

Grand Total: 43 creatures vanquished

Notes
Turn   | Place    | Note
--------------------------------------------------------------
     0 | D:1      | Mygna, the High Elf Fire Elementalist, began the quest for the Orb.
     0 | D:1      | Reached XP level 1. HP: 11/11 MP: 4/4
   380 | D:1      | Reached XP level 2. HP: 9/17 MP: 1/6
   543 | D:1      | Learned a level 2 spell: Throw Flame
  1131 | D:2      | Reached XP level 3. HP: 18/21 MP: 0/7
  1195 | D:1      | Learned a level 3 spell: Conjure Flame
  1315 | D:2      | Noticed Terence
  1498 | D:2      | Found a sparkling altar of Nemelex Xobeh.
  1732 | D:2      | Noticed Ijyb
  1902 | D:2      | Killed from afar by Ijyb

Action                   || total
-------------------------++-------
Melee: Dagger            ||    11
       Short sword       ||     9
 Cast: Flame Tongue      ||    62
       Conjure Flame     ||     4
       Throw Flame       ||     1
 Stab: Sleeping          ||     1
  Eat: Chunk             ||     3
